 Dungeon Crawl Stone Soup version 0.25.1-2-g60ff931df9 (webtiles) character file.

Game seed: 11162234065784083540

284 Delamore the Cudgeler (level 6, -2/37 HPs)
             Began as a Gargoyle Fighter on Aug 19, 2020.
             Killed by divine providence
             ... invoked by an orc priest
              (11 damage)
             ... on level 4 of the Dungeon.
             The game lasted 00:03:30 (3005 turns).

Delamore the Cudgeler (Gargoyle Fighter)            Turns: 3005, Time: 00:03:30

Health: -2/37      AC: 15    Str: 21 (22) XL:     6   Next: 29%
Magic:  6/6        EV:  5    Int:  6 (8)  God:
Gold:   135        SH:  0    Dex:  6 (9)  Spells: 5/5 levels left

rFire    . . .     SeeInvis .   g - +0 mace (holy)
rCold    . . .     Gourm    .   c - +1 kite shield
rNeg     + . .     Faith    .   s - +0 chain mail
rPois    ∞         Spirit   .   y - +1 hat
rElec    +         Reflect  .   j - +0 cloak
rCorr    .         Harm     .   (no gloves)
MR       .....                  (no boots)
Stlth    ..........             (no amulet)
HPRegen  0.12/turn              (no ring)
MPRegen  0.10/turn              (no ring)

@: confused, mighty, brilliant, stab, hasted, very quick
A: negative energy resistance 1, electricity resistance, unbreathing,
petrification resistance, rot immunity, AC +4
a: no special abilities


You were on level 4 of the Dungeon.
You were hungry.

You visited 1 branch of the dungeon, and saw 4 of its levels.

You collected 135 gold pieces.

Inventory:

Hand Weapons
 a - a +1 flail
 g - a +0 mace of holy wrath (weapon)
Missiles
 h - 33 poisoned darts (quivered)
 w - 7 curare-tipped darts
Armour
 b - a +0 scale mail
 c - a +1 kite shield (worn)
 j - a +0 cloak (worn)
 s - a +0 chain mail (worn)
 y - a +1 hat (worn)
Jewellery
 z - an uncursed ring of magical power
Wands
 o - a wand of random effects (21)
 x - a wand of flame (16)
Scrolls
 e - 4 scrolls of identify {unknown}
 i - 2 scrolls of remove curse
 k - a scroll of fog
 m - a scroll of enchant weapon
Potions
 d - a potion of might
 l - a potion of degeneration
 n - a potion of stabbing
 v - a potion of haste
Comestibles
 f - 6 rations


   Skills:
 - Level 3.2 Fighting
 + Level 6.4 Maces & Flails
 - Level 3.2 Armour
 - Level 3.2 Shields


You had 5 spell levels left.
You didn't know any spells.
Your spell library contained the following spells:

 Spells                   Type           Power        Failure   Level  Hunger
 Magic Dart               Conj           #...         100%        1    None
 Blink                    Tloc           N/A          100%        2    None
 Call Imp                 Summ           #.......     100%        2    None
 Slow                     Hex            #.......     100%        2    None
 Conjure Flame            Conj/Fire      #.......     100%        3    None
 Mephitic Cloud           Conj/Pois/Air  #.......     100%        3    None


Dungeon Overview and Level Annotations

Branches:
Dungeon (4/15)
 Temple: D:4-7

Altars:
Nemelex Xobeh


Innate Abilities, Weirdness & Mutations

You are resistant to torment.
Your stone body is resilient. (AC +4)
You are immune to poison.
You resist negative energy. (rN+)
You are resistant to electric shocks. (rElec)
You can survive without breathing.
You are immune to petrification.
You are immune to rotting.


Message History

The orc priest hits you but does no damage.
Something hits you but does no damage. The orc barely misses you. x2
It was a potion of curing.
You feel better.
It was a potion of ambrosia.
You are confused.
You feel invigorated.
The orc priest hits you but does no damage.
Something hits you but does no damage. The orc barely misses you.
The orc hits you but does no damage.
You thump the orc priest!
You kill the orc priest!
The orc hits you with a +0 short sword. Something hits you but does no damage.
The orc hits you but does no damage. x2
You miss the orc. The orc hits you with a +0 hand axe.
* * * LOW HITPOINT WARNING * * *
Something hits you but does no damage. The orc barely misses you.
The orc hits you but does no damage.
The orc priest mumbles some strange prayers to Beogh against you.
Beogh smites you!
You die...

.$ ..#
#.##.#
#..#.#
..#.#
.§o#
#oo#
#oo##
#@o#
#{o##
##oo#
#$.#
##.#
#..
##.#
.. #>#


You could see 2 orc priests and 6 orcs.

Vanquished Creatures
  A scorpion (D:3)
  An orc priest (D:4)
  A worker ant (D:2)
  9 adders
  An ooze (D:1)
  A worm (D:3)
  3 dart slugs
  2 leopard geckos (D:1)
  5 orcs (D:3)
  4 giant cockroaches
  9 goblins
  9 hobgoblins
  4 jackals (D:3)
  10 kobolds
  2 quokkas
  3 ball pythons
  14 bats
  3 frilled lizards
  8 rats
90 creatures vanquished.

Notes
Turn   | Place    | Note
-------+----------+-------------------------------------------
     0 | D:1      | Delamore the Gargoyle Fighter began the quest for the Orb.
     0 | D:1      | Reached XP level 1. HP: 14/14 MP: 1/1
   103 | D:1      | Reached XP level 2. HP: 12/19 MP: 2/2
   127 | D:1      | Reached skill level 3 in Maces & Flails
   477 | D:1      | Reached XP level 3. HP: 23/23 MP: 3/3
  1134 | D:2      | Reached skill level 4 in Maces & Flails
  1167 | D:2      | Reached XP level 4. HP: 28/28 MP: 4/4
  1570 | D:2      | Found a sparkling altar of Nemelex Xobeh.
  1768 | D:3      | Reached skill level 5 in Maces & Flails
  1768 | D:3      | Reached XP level 5. HP: 20/32 MP: 5/5
  2449 | D:3      | Reached skill level 6 in Maces & Flails
  2461 | D:3      | Reached XP level 6. HP: 31/37 MP: 6/6
  3000 | D:4      | HP: 1/37 [orc/+0 whip (1)]
  3005 | D:4      | Killed from afar by an orc priest

Illustrated notes

Levels and vault maps discovered:
D:1:      ncdulo_lavacross, layout_rooms, nrook_loot_triangle,
          minmay_misc_feat_x, hangedman_feature_mirror, minmay_circled_x
D:2:      layout_basic, eino_tiny_chamber, nemelex_diamond_rough_becter
D:3:      layout_loops_ring, first_ration, minmay_cupped
D:4:      layout_basic, nicolae_tso_besieged_by_evil

Skill      XL: |  1  2  3  4  5 |
---------------+----------------+-----
Maces & Flails | 3 4 5 6 |  6.4
Fighting       | |  3.2
Armour         | |  3.2
Shields        | |  3.2

Action                   |  1- 3 |  4- 6 || total
-------------------------+-------+-------++-------
Melee: Flail             |    56 |       ||    56
       Mace              |    89 |   231 ||   320
  Use: Potion            |       |     7 ||     7
       Scroll            |       |     4 ||     4
  Eat: Chunk             |     1 |     6 ||     7
Armor: Scale mail        |   118 |    35 ||   153
       Chain mail        |       |   141 ||   141
       Skin              |       |     6 ||     6
Dodge: Dodged            |    75 |    68 ||   143
Block: Kite shield       |   113 |   148 ||   261
